 Dungeon Crawl Stone Soup version 0.28-b1-70-g80dc712255 (webtiles) character file.

Game seed: 3159410072607731136

42 pkoi the Gusty (level 3, -3/26 HPs)
             Began as a Draconian Air Elementalist on Feb 3, 2022.
             Slain by an ogre (29 damage)
             ... on level 1 of the Dungeon.
             The game lasted 00:01:43 (1367 turns).

pkoi the Gusty (Draconian Air Elementalist)         Turns: 1367, Time: 00:01:43

Health: -3/26      AC:  5    Str: 10    XL:     3   Next: 35%
Magic:  1/6        EV: 12    Int: 17    God:
Gold:   50         SH:  0    Dex: 11    Spells: 5/6 levels left

rFire   . . .      SeeInvis .   a - +0 club
rCold   . . .      Faith    .   (no shield)
rNeg    . . .      Spirit   .   (armour unavailable)
rPois   .          Reflect  .   (helmet restricted)
rElec   .          Harm     .   (no cloak)
rCorr   .          Rampage  .   (no gloves)
Will    .....                   (no boots)
Stlth   ++........              (no amulet)
HPRegen 0.08/turn               (no ring)
MPRegen 0.10/turn               (no ring)

@: no status effects
A: AC +5, unfitting armour, cold-blooded
a: no special abilities


You were on level 1 of the Dungeon.
You visited 1 branch of the dungeon, and saw 2 of its levels.

You collected 50 gold pieces.

Inventory:

Hand Weapons
 a - a +0 club (weapon)
Scrolls
 b - a scroll of fog {unknown}
Potions
 c - 2 potions of curing {unknown}
 d - a potion of degeneration {unknown}


   Skills:
 - Level 1.7 Dodging
 - Level 1.7 Stealth
 + Level 2.3 Spellcasting
 * Level 2.1 Conjurations
 * Level 3.6 Air Magic


You had 5 spell levels left.
You knew the following spells:

 Your Spells              Type           Power      Damage    Failure   Level
a - Shock                 Conj/Air       44%        1d5       5%          1

Your spell library contained the following spells:

 Spells                   Type           Power      Damage    Failure   Level
 Static Discharge         Conj/Air       11%        N/A       9%          2
 Swiftness                Air            14%        N/A       12%         3
 Airstrike                Air            7%         N/A       38%         4


Dungeon Overview and Level Annotations

Branches:
Dungeon (2/15)

Altars:


Innate Abilities, Weirdness & Mutations

Your plain brown scales are hard. (AC +5)
You cannot fit into any form of body armour.
You are cold-blooded and may be slowed by cold attacks.


Message History

You kill the frilled lizard!
You can't see any susceptible monsters within range! (Use Z to cast anyway.)
You can't see any susceptible monsters within range! (Use Z to cast anyway.)
You now have 50 gold pieces (gained 17).
A kobold comes into view. It is wielding a +0 club.
A kobold is nearby!
The zap hits the kobold.
The kobold is severely wounded.
The kobold shouts!
The zap hits the kobold.
You kill the kobold!
An ogre comes into view. It is wielding a +0 giant club.
You miscast Shock.
You are very lightly contaminated with residual magic.
Nothing appears to happen.
The ogre shouts!
Your magical contamination has completely faded away.
There is a stone staircase leading up here.
The zap hits the ogre.
The ogre is lightly wounded.
The zap hits the ogre.
The ogre is moderately wounded.
The zap hits the ogre.
The ogre is moderately wounded.
The zap hits the ogre.
The ogre is moderately wounded.
The zap hits the ogre.
The ogre is heavily wounded.
The ogre completely misses you.
You climb upwards.
There is a stone staircase leading down here.
You barely miss the ogre.
The ogre is heavily wounded.
The ogre completely misses you.
You hit the ogre.
You tail-slap the ogre, but do no damage.
The ogre is heavily wounded.
The ogre hits you with a +0 giant club!!
Ouch! That really hurt!
You die...

.#...............................
.#.........#..##....######.......
.###..##.#.....#.(..# #......) .#
#.###.##..#.#....# #.......
.###.....##.........#### #.....##
.##...#####............# ##....#
.#...####....###.#...### #...(##
....###...#..###O....#########...
........###.###.@........#####...
.....####.......####.###....##...
...#....#.....######.# ####......
.).####..............# ####...
..### ##.......####### #...
....#####.....## ####
.##.##........# .##.#..##.....#
######## .##.#.###.....# #......#


You could see an ogre.

Vanquished Creatures
  6 ball pythons (D:1)
  7 bats
  5 endoplasms (D:1)
  3 giant cockroaches (D:1)
  5 goblins (D:1)
  A hobgoblin (D:1)
  A quokka (D:1)
  A frilled lizard (D:2)
  6 kobolds
  A rat (D:1)
36 creatures vanquished.

Vanquished Creatures (others)
  A fungus (D:1)
  4 plants (D:1)
5 creatures vanquished.

Grand Total: 41 creatures vanquished

Notes
Turn   | Place    | Note
-------+----------+-------------------------------------------
     0 | D:1      | pkoi the Draconian Air Elementalist began the quest for the
                  | Orb.
     0 | D:1      | Reached XP level 1. HP: 14/14 MP: 3/3
   273 | D:1      | Reached XP level 2. HP: 19/20 MP: 0/5
   891 | D:1      | Reached XP level 3. HP: 25/26 MP: 6/6
  1195 | D:1      | Found a faded altar of an unknown god.
  1336 | D:2      | Noticed an ogre
  1367 | D:1      | Slain by an ogre

Illustrated notes

Levels and vault maps discovered:
D:1:      shiori_arrival_oz, layout_rooms,
          shapermc_ecumenical_altar_mp_ritualfount
D:2:      layout_loops_corners, uniq_jessica, uniq_terence, uniq_robin,
          uniq_crazy_yiuf_cottage

Skill      XL: |  1  2 |
---------------+-------+-----
Conjurations   | 2 |  2.1
Dodging        | |  1.7
Stealth        | |  1.7
Spellcasting   | |  2.3
Air Magic      | |  3.6

Action                   || total
-------------------------++-------
Melee: Unarmed           ||     2
       Club              ||    27
       Tailslap          ||     3
 Cast: Shock             ||    58
Armor: Skin              ||    12
Dodge: Dodged            ||    21
